AoeStats
← Squirtle

Oasis

509522025Analyzed
3v3 RM · 3d ago on Sep 27, 2026· 29m 22s· 6 players
Game mode
Random Map
Map size
Normal (6 player)
Population
200
Speed
Normal
Resources
Standard
Victory
Conquest
Starting age
Dark Age
Ending age
Imperial Age
RankedLock teamsTeams togetherTeam positionsShared explorationLock speedFull tech treeHidden civsTurbo modeCheats
Victory
Defeat
🇨🇳 Koreans · China
1310
+12
🇦🇷 Saracens · Argentina
1254
+15
🇦🇷 Magyars · Argentina
1222
+16
🇵🇪 Franks · Peru
1325
-18
🇨🇳 Turks · China
1185
-13
🇨🇱 Byzantines · Chile
1169
-12
小明
7:33 Loom
11:58 Feudal Age
17:45 Castle Age
15:55 Double-Bit Axe
17:04 Horse Collar
19:51 Bow Saw
24:26 Ballistics
31:27 Imperial Age
29:15 Masonry
29:01 Gold Mining
Pelado
6:29 Loom
9:22 Feudal Age
9:53 Double-Bit Axe
9:57 Horse Collar
17:01 Wheelbarrow
22:20 Castle Age
21:41 Bloodlines
22:38 Scale Barding Armor
22:23 Light Cavalry
23:10 Husbandry
el pichichi
7:00 Loom
9:54 Feudal Age
10:43 Double-Bit Axe
14:32 Fletching
16:05 Padded Archer Armor
18:19 Horse Collar
24:24 Castle Age
24:27 Crossbowman
25:26 Bodkin Arrow
28:09 Leather Archer Armor
28:18 Gold Mining
Squirtle
6:29 Loom
9:21 Feudal Age
19:37 Castle Age
21:54 Forging
21:52 Scale Barding Armor
28:21 Iron Casting
星辰AGE
1:31 Loom
15:05 Feudal Age
brayanis_12
10:10 Feudal Age
10:47 Loom
14:38 Castle Age
15:08 Scale Barding Armor
16:27 Double-Bit Axe
22:59 Husbandry
Connection lost

Rejoining the realm…

Still unreachable

The connection could not be restored.

Session expired

The server has moved on; the page needs a fresh start.